 Dungeon Crawl Stone Soup version 0.20.1-1-g8b1a95d (webtiles) character file.

7921 KoningWillie the Cleaver (level 11, -3/90 HPs)
             Began as a Barachi Fighter on Sept 23, 2017.
             Killed from afar by an efreet (9 damage)
             ... with a bolt of fire
             ... on level 13 of the Dungeon.
             The game lasted 00:18:14 (10574 turns).

KoningWillie the Cleaver (Barachi Fighter)         Turns: 10574, Time: 00:18:15

Health: -3/90      AC: 19    Str: 20    XL:     11   Next: 22%
Magic:  11/11      EV:  7    Int:  9    God:
Gold:   516        SH: 10    Dex: 12    Spells: 10/10 levels left

rFire    + . .     SeeInvis .   a - +1 war axe
rCold    + + .     Gourm    .   c - +0 shield
rNeg     . . .     Faith    .   w - +8 chain mail of Tomorrow {*Corrode rC+ MR+ Stlth+}
rPois    +         Spirit   .   (no helmet)
rElec    +         Reflect  .   (no cloak)
rCorr    +         Harm     .   (no gloves)
MR       ++...                  (no boots)
Stlth    ..........             (no amulet)
Regen    0.3/turn               f - ring of protection from magic
MPRegen  0.2/turn               i - ring of stealth

@: about to teleport, resistant, slowed, very slow
A: +LOS, swims, slowness 1, strong legs 1
a: Hop


You were on level 13 of the Dungeon.
You were hungry.

You visited 1 branch of the dungeon, and saw 13 of its levels.

You collected 516 gold pieces.

Inventory:

Hand Weapons
 a - a +1 war axe (weapon)
Armour
 b - a +0 scale mail
 c - a +0 shield (worn)
 w - the +8 chain mail of Tomorrow (worn) {*Corrode rC+ MR+ Stlth+}
   (You found it on level 4 of the Dungeon)

   It protects you from cold.
   It affects your resistance to hostile enchantments.
   It may corrode you when you take damage.
   It makes you more stealthy.
Jewellery
 f - a ring of protection from magic (left hand)
 i - a ring of stealth (right hand)
Wands
 v - a wand of random effects (22/48)
 A - a wand of confusion (15/48)
 B - a wand of iceblast (10/15)
Scrolls
 g - 6 scrolls of remove curse
 n - a scroll of enchant weapon
 p - 3 scrolls of enchant armour
 u - a scroll of teleportation
 x - a scroll of noise {unknown}
 y - 3 scrolls of recharging {unknown}
 z - 3 scrolls of amnesia {unknown}
 D - a scroll of immolation {unknown}
 F - 2 scrolls of magic mapping
 G - a scroll of fog {unknown}
Potions
 d - 2 potions of magic
 k - 2 potions of cancellation {unknown}
 l - a potion of berserk rage {unknown}
 m - a potion of haste {unknown}
 o - 4 potions of curing
 q - 2 potions of agility {unknown}
 s - 2 potions of flight
 t - a potion of degeneration {unknown}
 C - a potion of mutation {unknown}
Books
 j - a book of Geomancy

   Spells                             Type                      Level
   a - Sandblast                      Earth                        1
   b - Passwall                       Transmutation/Earth          2
   c - Stone Arrow                    Conjuration/Earth            3
   d - Petrify                        Transmutation/Earth          4
   e - Lee's Rapid Deconstruction     Earth                        5
Comestibles
 r - 4 meat rations
 E - a fruit


   Skills:
 + Level 9.6 Fighting
 + Level 13.2 Axes
 + Level 10.0 Armour
 - Level 2.0 Dodging
 - Level 0.2 Stealth
 - Level 5.5 Shields


You had 10 spell levels left.
You didn't know any spells.

Dungeon Overview and Level Annotations

Branches:
Dungeon (13/15)            Temple (0/1) D:6
   Lair: D:8-11         Orc: D:9-12      Vaults: D:13-14

Altars:
Ru

Shops:
D:7 (

Annotations:
D:4 Sigmund
D:8 Maurice


Innate Abilities, Weirdness & Mutations

Shadows flee at your approach. (+LOS)
You can swim through water.
You cover ground slowly.
You can hop short distances.


Message History

The efreet gestures at you.
The fireball explodes!
The fireball engulfs you!
* * * LOW HITPOINT WARNING * * *
The fireball engulfs the efreet.
The efreet completely resists.
The efreet barely misses you.
It was a potion of resistance.
You feel protected.
The efreet hits you with a scimitar of flaming!
* * * LOW HITPOINT WARNING * * *
The efreet burns you.
* * * LOW HITPOINT WARNING * * *
You barely miss the efreet.
The efreet is severely wounded.
The efreet hits you but does no damage. The efreet hits you but does no damage.
As you read the scroll of teleportation, it crumbles to dust.
You feel strangely unstable. You block the efreet's attack.
The efreet gestures at you. The bolt of fire hits you! You resist.
You die...

.. .............#....
... .............#....
... ............#....
..####...........#....
....#...#####...#...#
####..#....#...........
. #
...#.#....#...........
.. #.
..#......#........... ..
#..#.#.@....#...########
#.#...ยง#.#........#
#..####R.#........#
#........#........#
#.####..####.########
...............#
...............#
...............#
........########


You could see an efreet.

Vanquished Creatures
  Harold (D:11)
  A two-headed ogre (D:12)
  Pikel (D:4)
  An ugly thing (D:11)
  A freezing wraith (D:13)
  A hornet (shapeshifter) (D:13)
  2 trolls
  4 hippogriffs
  A meliai zombie (D:13)
  A shadow (D:11)
  A hungry ghost (D:13)
  Menkaure (D:6)
  Duvessa (D:7)
  2 orc warriors
  A black bear (D:11)
  3 sky beasts
  A necrophage (D:13)
  3 ice beasts
  An ogre (D:6)
  2 centaurs
  A big kobold (D:8)
  4 bullfrogs
  Dowan (D:7)
  A wyvern skeleton (D:11)
  4 scorpions
  6 killer bees (D:11)
  2 howler monkeys (D:10)
  6 crimson imps
  A bullfrog zombie (D:11)
  6 orc wizards
  3 hounds
  2 jellies
  2 orc priests
  A bullfrog skeleton (D:9)
  Crazy Yiuf (D:3)
  4 centaur skeletons
  2 iguanas
  5 worker ants
  2 hound skeletons
  5 adders
  5 shadow imps
  2 oozes
  4 leopard geckos
  29 orcs
  5 bats
  5 giant cockroaches
  15 goblins
  15 hobgoblins
  3 jackals (D:6)
  A quokka (D:3)
  A jackal skeleton (D:5)
  6 kobolds
  A leopard gecko zombie (D:5)
  A quokka zombie (D:8)
  12 rats
194 creatures vanquished.

Vanquished Creatures (others)
  An adder (D:4)
  An ooze (D:4)
  A leopard gecko (D:4)
  An orc (D:4)
  A quokka (D:7)
5 creatures vanquished.

Grand Total: 199 creatures vanquished

Notes
Turn   | Place    | Note
-------+----------+-------------------------------------------
     0 | D:1      | KoningWillie the Barachi Fighter began the quest for the Orb.
     0 | D:1      | Reached XP level 1. HP: 18/18 MP: 1/1
     6 | D:1      | Noticed an anaconda
     6 | D:1      | Noticed a crocodile
     6 | D:1      | Noticed a redback
     6 | D:1      | Noticed a black bear
   426 | D:1      | Reached XP level 2. HP: 17/25 MP: 2/2
  1008 | D:2      | Reached XP level 3. HP: 24/30 MP: 3/3
  1310 | D:2      | Reached skill level 1 in Dodging
  1459 | D:2      | Reached XP level 4. HP: 37/37 MP: 4/4
  1738 | D:3      | Reached skill level 3 in Axes
  2012 | D:3      | Found a runed door.
  2365 | D:3      | Noticed Crazy Yiuf
  2369 | D:3      | Killed Crazy Yiuf
  2418 | D:4      | Got a twisted chain mail
  2429 | D:4      | Identified the +8 chain mail of Tomorrow {*Corrode rC+ MR+ Stlth+} (You found it on level 4 of the Dungeon)
  2623 | D:4      | Noticed Pikel
  2623 | D:4      | Noticed a slave
  2623 | D:4      | Noticed a slave
  2623 | D:4      | Noticed a slave
  2624 | D:4      | Noticed a slave
  2640 | D:4      | Killed Pikel
  2640 | D:4      | Reached skill level 5 in Fighting
  2640 | D:4      | Reached skill level 5 in Axes
  2640 | D:4      | Reached skill level 5 in Armour
  2640 | D:4      | Reached XP level 5. HP: 8/44 MP: 5/5
  2640 | D:4      | Reached XP level 6. HP: 9/51 MP: 6/6
  2640 | D:4      | Reached XP level 7. HP: 10/56 MP: 7/7
  2986 | D:4      | Found a sacrificial altar of Ru.
  3023 | D:4      | Noticed Sigmund
  3081 | D:5      | Entered Level 5 of the Dungeon
  3098 | D:5      | Reached skill level 5 in Shields
  3315 | D:5      | Reached skill level 6 in Axes
  3898 | D:5      | Reached XP level 8. HP: 64/64 MP: 8/8
  4585 | D:6      | Found a staircase to the Ecumenical Temple.
  4686 | D:6      | Reached skill level 7 in Axes
  5062 | D:6      | Noticed Menkaure
  5070 | D:6      | Killed Menkaure
  5070 | D:6      | Reached skill level 8 in Axes
  5590 | D:6      | Reached XP level 9. HP: 71/71 MP: 9/9
  5721 | D:6      | Reached skill level 9 in Axes
  6068 | D:7      | Noticed Duvessa
  6068 | D:7      | Noticed Dowan
  6076 | D:7      | Killed Duvessa
  6083 | D:7      | Killed Dowan
  6206 | D:7      | Found Naamury's Weapon Emporium.
  6504 | D:7      | Reached skill level 10 in Axes
  7006 | D:8      | Noticed Maurice
  7686 | D:8      | Noticed a two-headed ogre
  7785 | D:9      | Reached XP level 10. HP: 76/80 MP: 10/10
  7818 | D:9      | Noticed a two-headed ogre
  7826 | D:10     | Entered Level 10 of the Dungeon
  7993 | D:10     | Reached skill level 11 in Axes
  8137 | D:10     | Noticed a gargoyle
  8453 | D:11     | Noticed a purple ugly thing
  8483 | D:11     | Killed a purple ugly thing
  8711 | D:11     | Found a flagged portal.
  8735 | D:11     | Noticed Harold
  8751 | D:11     | Killed Harold
  8751 | D:11     | Reached skill level 12 in Axes
  9598 | D:11     | Noticed a two-headed ogre
  9612 | D:12     | Killed a two-headed ogre
  9612 | D:12     | Reached XP level 11. HP: 43/89 MP: 11/11
  9810 | D:11     | Reached skill level 13 in Axes
 10564 | D:13     | Reached skill level 10 in Armour
 10570 | D:13     | HP: 4/90 [efreet/scimitar of flaming (2)]
 10574 | D:13     | Killed from afar by an efreet

Skill      XL: |  1  2  3  4  5  6  7  8  9 10 11 |
---------------+----------------------------------+-----
Fighting       | 4 5 6 8 9 |  9.6
Dodging        | 1 2 |  2.0
Axes           | 5 6 8 10 12 13 | 13.2
Armour         | 5 6 8 9 10 | 10.0
Shields        | 4 5 |  5.5
Stealth        | |  0.2

Action                   |  1- 3 |  4- 6 |  7- 9 | 10-12 || total
-------------------------+-------+-------+-------+-------++-------
Melee: War axe           |   112 |    98 |   384 |   342 ||   936
  Use: Scroll            |     3 |       |     7 |     3 ||    13
       Potion            |       |     1 |       |     4 ||     5
  Eat: Royal jelly       |     2 |       |     2 |       ||     4
       Bread ration      |       |     2 |     2 |     3 ||     7
       Fruit             |       |       |     2 |       ||     2
Armor: Scale mail        |    56 |    30 |       |       ||    86
       Chain mail        |       |    39 |   231 |   218 ||   488
Dodge: Dodged            |    38 |    29 |    74 |    91 ||   232
Block: Shield            |    68 |    58 |   181 |   171 ||   478
